Map: Dreamcatcher LE

Players

liquidthermy (uThermal)

  • Race: Terran Terran
  • League: Master
  • Spawn Location: 5:00

Zest - Winner!

  • Race: Protoss Protoss
  • League: Master
  • Spawn Location: 11:00

Event: HomeStory Cup XVIII

VOD

Have the link to the VOD?

Description

Time

  • Played on: Nov. 25, 2018, 10:46 a.m.
  • Length: 3:07

All games in this series

Show
View Real Time Build Order
Export as new Build Order

liquidthermy Terran 

Build Orders: Gas First Reaper Expand, Reaper Expand 

Get SALT Encoding   

  12  0:01  SCV  
  13  0:13  SCV  
  14  0:17  Supply Depot  
  14  0:25  SCV  
  14  0:27  Refinery  
  15  0:38  SCV  
  16  0:44  Barracks  
  16  0:50  SCV  
  17  1:03  SCV  
  18  1:15  SCV  
  19  1:31  Reaper, Orbital Command  
  20  1:45  Command Center  
  20  1:57  SCV  
  20  2:00  Factory  
  21  2:05  Barracks Reactor  
  21  2:09  SCV  
  21  2:12  Supply Depot  
  22  2:17  Refinery  
  22  2:21  SCV  
  23  2:34  SCV  
  24  2:41  Marine x2  
  26  2:45  Widow Mine  
  26  2:46  SCV  
  26  2:51  Starport  
Show
View Real Time Build Order
Export as new Build Order

Zest Protoss - Winner!

Build Orders: 1 Gate Expand 

Get SALT Encoding   

  12  0:00  Probe  
  13  0:12  Probe  
  14  0:17  Pylon  
  14  0:24  Probe  
  15  0:32  Probe  
  15  0:37  Gateway  
  15  0:40  Probe  
  16  0:48  Assimilator  
  17  0:51  Probe  
  18  1:03  Probe  
  19  1:15  Probe  
  20  1:24  Cybernetics Core  
  20  1:33  Nexus  
  20  1:36  Probe  
  21  1:42  Pylon  
  21  1:49  Probe  
  21  1:51  Adept, Assimilator  
  22  2:01  Probe  
  25  2:09  Stalker  
  25  2:13  Probe  
  28  2:25  Probe  
  28  2:35  Twilight Council  
  28  2:36  Stalker  
  28  2:37  Probe  
  29  2:49  Probe x2  
Tags
 
Add a new tag
Caveats
  • Supply blocks, unpowered buildings, or Contaminate may cause inaccurate times.
  • Supply counts are checked every 10 seconds.